 Dungeon Crawl Stone Soup version 0.32-a0-872-g59262bdc9b (webtiles) character file.

Game seed: 3747230666781999091

21 Uzeprotekshun the Cudgeller (level 2, 3/34 (37) HPs)
             Began as a Mountain Dwarf Reaver on Mar 30, 2024.
             Quit the game on level 2 of the Dungeon.
             The game lasted 00:07:29 (668 turns).

Uzeprotekshun the Cudgeller (Mountain Dwarf Reaver)  Turns: 668, Time: 00:07:30

HP:   3/34 (37)     AC:  6    Str: 14    XL:     2   Next: 65%
MP:   5/5           EV: 10    Int: 13    God:
Gold: 29            SH:  0    Dex:  8    Spells: 4/5 levels left

rFire   . . .        a - +0 mace
rCold   . . .        (no shield)
rNeg    . . .        b - +0 leather armour
rPois   .            f - +2 helmet
rElec   .            (no cloak)
rCorr   +            (no gloves)
SInv    .            (no boots)
Will    .....        (no amulet) Stlth
                     d - ring of resist corrosion
HPRegen 0.25/turn    (no ring)
MPRegen 0.09/turn

%: no passive effects
@: berserking (expiring), drained, very quick
A: runic magic, artefact enchanting
a: no special abilities


You were on level 2 of the Dungeon.
You visited 1 branch of the dungeon, and saw 2 of its levels.

You collected 29 gold pieces.

Inventory:

Hand Weapons
 a - a +0 mace (weapon)
Armour
 b - a +0 leather armour (worn)
 f - a +2 helmet (worn)
Jewellery
 d - a ring of resist corrosion (left hand)
Scrolls
 c - 3 scrolls of identify
 e - a scroll of fog
 i - a scroll of silence
Potions
 h - a potion of lignification {unknown}


   Skills:
 - Level 2.4 Fighting
 + Level 4.1 Maces & Flails
 - Level 1.6 Dodging
 - Level 2.0 Spellcasting
 - Level 2.8 Conjurations


You had 4 spell levels left.
You knew the following spells:

 Your Spells              Type           Power      Damage    Failure   Level
a - Kiss of Death         Conj/Necr      20%        2d7       14%         1

Your spell library contained the following spells:

 Spells                   Type           Power      Damage    Failure   Level
 Momentum Strike          Conj/Tloc      10%        3d8       22%         2
 Hailstorm                Conj/Ice       5%         3d5       41%         3


Dungeon Overview and Level Annotations

Branches:
Dungeon (2/15)

Altars:


Innate Abilities, Weirdness & Mutations

Your spellcasting is much less encumbered by armour.
You can use scrolls of enchantment on lesser artefacts.


Message History

It was a scroll of fog.
The quokka bites you but does no damage.
The quokka closely misses you.
The quokka bites you but does no damage.
The quokka bites you.
It was a potion of berserk rage.
A red film seems to cover your vision as you go berserk!
You feel yourself moving faster!
You feel mighty! The quokka bites you.
* * * LOW HITPOINT WARNING * * *
The quokka misses you.
You completely miss the frilled lizard.
The frilled lizard bites you but does no damage.
The quokka closely misses you.
The quokka bites you but does no damage.
You sock the frilled lizard!
You kill the frilled lizard!
The quokka closely misses you. x2
You hit the hobgoblin.
The hobgoblin is severely wounded.
The quokka bites you.
* * * LOW HITPOINT WARNING * * *
The quokka barely misses you.
You sock the hobgoblin!
You kill the hobgoblin!
The quokka barely misses you.
You miss the quokka. The quokka barely misses you. The quokka misses you.
You closely miss the quokka. The quokka barely misses you.
The quokka bites you but does no damage. x3
The quokka misses you.
You closely miss the quokka. The quokka barely misses you.
The goblin barely misses you. The quokka bites you.
* * * LOW HITPOINT WARNING * * *
Unknown command.
You closely miss the goblin. The quokka misses you.
The quokka completely misses you. The goblin barely misses you.
The quokka bites you but does no damage.
Unknown command.
You are too berserk!
Autopickup is now off.
Are you sure you want to abandon this character and quit the game? (Confirm with "yes".)

#.#.# #.#.# ....... #.#.#
....... #..#.#.# .......
#..#.#.# ....... #..#.#.#
....... #..#.#.#
.......##############..#.#.#
............Sr@§§......#.#.#
..)...#.$rg.§rrg§.##...#.#.#
#.##...#..§§§§##.#<.....#.#
#.............##.#......#.#
...#####.......##.#......#.#
.. #.#......##.#......#.#
#.#.#.....##.#......#.#
#!#.##.....##........#.#
#r⌠[# #...........#.#.#.#


You could see an adder, 3 quokkas and a goblin.

Vanquished Creatures
  A ribbon worm (D:2)
  2 ball pythons (D:1)
  4 goblins (D:1)
  A hobgoblin (D:2)
  A kobold (D:1)
  A quokka (D:1)
  3 bats
  A frilled lizard (D:2)
  4 rats
18 creatures vanquished.

Notes
Turn   | Place    | Note
-------+----------+-------------------------------------------
     0 | D:1      | Uzeprotekshun the Mountain Dwarf Reaver began the quest for
                  | the Orb.
     0 | D:1      | Reached XP level 1. HP: 17/17 MP: 3/3
   171 | D:1      | Reached XP level 2. HP: 24/25 MP: 4/4
   440 | D:2      | Reached skill level 4 in Maces & Flails
   668 | D:2      | Quit the game

Illustrated notes

Levels and vault maps discovered:
D:1:      psy_arrival_spokes, layout_basic, minmay_misc_feat_plants
D:2:      layout_basic, nicolae_kite_square_tiling_tiny, minmay_circle_x

Skill      XL: |  1  2 |
---------------+-------+-----
Spellcasting   | 2 |  2.0
Maces & Flails | 4 |  4.1
Fighting       | |  2.4
Dodging        | |  1.6
Conjurations   | |  2.8

Action                     || total
---------------------------++-------
  Melee: Mace              ||    62
   Cast: Kiss of Death     ||     1
    Use: Scroll            ||     2
         Potion            ||     1
 Armour: Leather armour    ||    66
  Dodge: Dodged            ||    58

Table legend: (Time is in decaauts)
 A = Elapsed time spent in this place.
 B = Non-inter-level travel time spent in this place.
 C = Inter-level travel time spent in this place.
 D = Time resting spent in this place.
 E = Time spent auto-exploring this place.
 F = Levels seen in this place.
 G = Mean time per level.
                   A        B        C        D        E       F      G
               +--------+--------+--------+--------+--------+-----+--------+
         Total |    677 |    677 |      0 |     10 |      0 |   2 |  338.5 |
       Dungeon |    677 |    677 |      0 |     10 |      0 |   2 |  338.5 |
               +--------+--------+--------+--------+--------+-----+--------+

Top non-repeatable levels by time:
     D:2: 386 daAuts
     D:1: 290 daAuts
